 Dungeon Crawl Stone Soup version 0.28.0-53-g5a82cb258f (webtiles) character file.

Game seed: 1102014302099179692

891 safid the Cleaver (level 8, 0/66 HPs)
             Began as a Hill Orc Fighter on July 29, 2022.
             Was a Believer of Qazlal.
             Slain by Dowan
             ... wielding a +0 dagger
              (6 damage)
             ... on level 3 of the Dungeon.
             The game lasted 00:07:26 (4486 turns).

safid the Cleaver (Hill Orc Fighter)                Turns: 4486, Time: 00:07:27

Health: 0/66       AC:  0    Str: 21    XL:     8   Next: 6%
Magic:  8/8        EV:  9    Int:  8    God:    Qazlal [**....]
Gold:   160        SH:  7    Dex: 10    Spells: 7/7 levels left

rFire   . . .      SeeInvis .   a - +0 war axe
rCold   . . .      Faith    .   c - +0 buckler
rNeg    . . .      Spirit   .   b - +0 scale mail
rPois   .          Reflect  .   i - +0 helmet
rElec   .          Harm     .   (no cloak)
rCorr   .          Rampage  .   (no gloves)
Will    +....                   (no boots)
Stlth   ..........              (no amulet)
HPRegen 0.21/turn               t - ring of willpower
MPRegen 0.11/turn               n - +4 ring of protection

@: corroded
A: no striking features
a: Renounce Religion, Upheaval


You were on level 3 of the Dungeon.
You worshipped Qazlal.
Qazlal was pleased with you.
You visited 1 branch of the dungeon, and saw 4 of its levels.

You collected 160 gold pieces.

Inventory:

Hand Weapons
 a - a +0 war axe (weapon)
Missiles
 k - 3 javelins (quivered)
Armour
 b - a +0 scale mail (worn)
 c - a +0 buckler (worn)
 i - a +0 helmet (worn)
Jewellery
 n - a +4 ring of protection (right hand)
 t - a ring of willpower (left hand)
Wands
 p - a wand of flame (12)
Scrolls
 e - 4 scrolls of identify {unknown}
 f - a scroll of torment {unknown}
 g - 2 scrolls of magic mapping {unknown}
 h - a scroll of amnesia {unknown}
 j - a scroll of summoning {unknown}
 m - a scroll of fear {unknown}
 o - a scroll of teleportation {unknown}
 q - a scroll of enchant armour {unknown}
Potions
 d - a potion of might
 l - a potion of cancellation {unknown}
 s - a potion of degeneration {unknown}


   Skills:
 - Level 4.0 Fighting
 + Level 11.1 Axes
 - Level 4.0 Armour
 - Level 4.0 Shields


You had 7 spell levels left.
You didn't know any spells.
Your spell library was empty.

Dungeon Overview and Level Annotations

Branches:
Dungeon (4/15)
 Temple: D:4-7

Altars:
Kikubaaqudgha
Okawaru
Qazlal

Annotations:
D:3 Dowan


Message History

You are splashed with acid.
Dowan says, "Her death will not be in vain!"
Dowan hits you with a +0 dagger.
You hit the jelly.
You kill the jelly!
Qazlal accepts your kill.
You hit Dowan. Dowan hits you with a +0 dagger. You block Dowan's attack.
Your Axes skill increases to level 11!
Unknown command.
You closely miss Dowan.
Dowan is lightly wounded.
Dowan hits you with a +0 dagger.
Unknown command.
You miss Dowan.
Dowan is lightly wounded.
Dowan hits you with a +0 dagger.
* * * LOW HITPOINT WARNING * * *
You hit Dowan but do no damage.
Dowan is lightly wounded.
Dowan gestures at you while chanting. The shard of ice hits you!
* * * LOW HITPOINT WARNING * * *
The orc wizard mumbles some strange words.
The orc wizard flickers and vanishes!
Deactivating autopickup; reactivate with Ctrl-A.
You block Dowan's attack.
You hit Dowan.
Dowan is moderately wounded.
Dowan hits you with a +0 dagger.
* * * LOW HITPOINT WARNING * * *
Unknown command.
You block Dowan's attack. Dowan casts a spell at you.
You block the stone arrow.
The orc priest shouts, "Beogh is our master!
Accept the truth or die!"
You climb upwards.
Reactivating autopickup.
There is a stone staircase leading down, spattered with blood here.
You feel better. Dowan hits you with a +0 dagger.
You die...

....#####.###############
....# #.......).......#
....###################.#
....)))...........# #.#
...############...# #.#
8..# #...#####.# ####
#.........#
###############..########
..........)....e@#
##.#########.##..# #.#
#.##..# #.# #.##..# #.#
#######.##..# #.#
#....##.##..#
##.###....##.##..#
.............##..#
##.###....#####..#


You could see Dowan (fast).

Vanquished Creatures
  Grinder (D:4)
  Duvessa (D:4)
  2 sky beasts
  A howler monkey (D:3)
  A bullfrog zombie (D:3)
  A jelly (D:4)
  2 hounds (D:3)
  Natasha (twice) (D:3)
  2 orc wizards (D:3)
  A howler monkey skeleton (D:4)
  4 adders
  A dart slug (D:4)
  6 orcs (D:3)
  3 ball pythons
  4 endoplasms
  2 giant cockroaches
  11 goblins
  7 hobgoblins
  8 jackals
  11 kobolds
  4 quokkas
  6 bats
  A frilled lizard (D:2)
  4 rats
86 creatures vanquished.

Notes
Turn   | Place    | Note
-------+----------+-------------------------------------------
     0 | D:1      | safid the Hill Orc Fighter began the quest for the Orb.
     0 | D:1      | Reached XP level 1. HP: 19/19 MP: 1/1
   312 | D:1      | Reached skill level 3 in Axes
   312 | D:1      | Reached XP level 2. HP: 15/27 MP: 2/2
   828 | D:1      | Reached XP level 3. HP: 30/33 MP: 3/3
  1631 | D:2      | Reached XP level 4. HP: 11/40 MP: 4/4
  1869 | D:2      | Found a faded altar of an unknown god.
  2090 | D:2      | Prayed at the altar of an unknown god.
  2090 | D:2      | Became a worshipper of Qazlal Stormbringer
  2090 | D:2      | Reached * piety under Qazlal
  2242 | D:2      | Reached skill level 4 in Axes
  2261 | D:2      | You fall into a shaft and drop 1 floor!
  2317 | D:3      | Reached skill level 5 in Axes
  2317 | D:3      | Reached XP level 5. HP: 43/46 MP: 5/5
  2922 | D:3      | Reached skill level 6 in Axes
  3230 | D:3      | Noticed Natasha
  3235 | D:3      | Killed Natasha
  3424 | D:3      | Reached skill level 7 in Axes
  3424 | D:3      | Reached XP level 6. HP: 47/52 MP: 6/6
  3473 | D:3      | Noticed a sky beast
  3490 | D:3      | Killed a sky beast
  3654 | D:3      | Noticed Natasha
  3665 | D:3      | Killed Natasha
  3666 | D:3      | Reached skill level 8 in Axes
  3749 | D:3      | Found an iron altar of Okawaru.
  3808 | D:4      | Noticed a sky beast
  3823 | D:4      | Killed a sky beast
  3824 | D:4      | Reached XP level 7. HP: 49/59 MP: 7/7
  3837 | D:4      | Noticed Grinder
  3842 | D:4      | Reached ** piety under Qazlal
  3845 | D:4      | Paralysed by Grinder for 7 turns
  3866 | D:4      | Killed Grinder
  3867 | D:4      | Reached skill level 10 in Axes
  3930 | D:4      | Found a stormy altar of Qazlal.
  3949 | D:4      | Found an ancient bone altar of Kikubaaqudgha.
  4097 | D:4      | Noticed Duvessa
  4097 | D:4      | Noticed Dowan
  4108 | D:4      | Killed Duvessa
  4109 | D:4      | Reached XP level 8. HP: 35/66 MP: 8/8
  4125 | D:4      | HP: 3/66 [Dowan/shard of ice (4)]
  4168 | D:4      | HP: 3/66 [Dowan/+0 dagger (3)]
  4480 | D:4      | Reached skill level 11 in Axes
  4483 | D:4      | HP: 1/66 [Dowan/+0 dagger (5)]
  4486 | D:3      | Slain by Dowan

Illustrated notes

Levels and vault maps discovered:
D:1:      zelgadis_glass_arrival_small, layout_loops_corners, minivault_19
D:2:      layout_basic, basic_ecumenical_altar
D:3:      kennysheep_the_goblin_king, layout_basic, kennysheep_okawaru_gauntlet,
          uniq_natasha
D:4:      layout_basic, grunt_qazlal_sundering,
          mainiacjoe_overflow_six_doors_small, portal_sewer_entry_f,
          chequers_serial_rivers_micro_b, minmay_manual_maat, uniq_grinder,
          uniq_duvessa

Skill      XL: |  1  2  3  4  5  6  7  8 |
---------------+-------------------------+-----
Axes           | 3 5 7 8 10 11 | 11.1
Fighting       | 4 |  4.0
Shields        | 4 |  4.0
Armour         | 4 |  4.0

Action                   |  1- 3 |  4- 6 |  7- 9 || total
-------------------------+-------+-------+-------++-------
Melee: War axe           |    93 |   133 |    47 ||   273
       Unarmed           |       |       |     2 ||     2
  Use: Potion            |     2 |       |     2 ||     4
Armor: Scale mail        |    56 |    54 |    30 ||   140
       Skin              |       |       |     4 ||     4
Dodge: Dodged            |    45 |    38 |    32 ||   115
Block: Buckler           |    31 |    34 |    18 ||    83
       Other             |       |       |     1 ||     1
